 Dungeon Crawl Stone Soup version 0.25.1-9-gc5326a611f (webtiles) character file.

Game seed: 12161219396569540568

13738 AarnesTheHuman the Cleaver (level 11, -6/100 (102) HPs)
             Began as a Minotaur Berserker on Jan 20, 2022.
             Was a High Priest of Trog.
             Mangled by a tyrant leech (27 damage)
             ... on level 2 of the Lair of Beasts.
             The game lasted 00:20:39 (14471 turns).

AarnesTheHuman the Cleaver (Minotaur Berserker)    Turns: 14471, Time: 00:20:39

HP:   -6/100 (102)  AC: 12    Str: 24    XL:     11   Next: 79%
MP:   10/10         EV: 12    Int:  4    God:    Trog [*****.]
Gold: 594           SH:  0    Dex: 11    Spells: 10/10 levels left

rFire    . . .     SeeInvis .   a - +2 battleaxe (flame)
rCold    + . .     Gourm    .   (shield currently unavailable)
rNeg     . . .     Faith    .   g - +0 scale mail
rPois    .         Spirit   .   (helmet restricted)
rElec    .         Reflect  .   e - +0 cloak
rCorr    .         Harm     .   d - +0 pair of gloves
MR       +....                  (no boots)
Stlth    ..........             (no amulet)
HPRegen  0.26/turn              A - ring of protection from magic
MPRegen  0.12/turn              y - ring of protection from cold

@: marked
A: retaliatory headbutt, horns 2
a: Berserk, Trog's Hand, Brothers in Arms, Renounce Religion


You were on level 2 of the Lair of Beasts.
You worshipped Trog.
Trog was extremely pleased with you.
You were not hungry.

You visited 2 branches of the dungeon, and saw 12 of its levels.

You collected 594 gold pieces.

Inventory:

Hand Weapons
 a - a +2 battleaxe of flaming (weapon)
 f - a +0 hunting sling
 B - a +1 hand axe
 K - a +0 hand axe of freezing
Missiles
 h - 419 stones
 l - 13 javelins (quivered)
 n - 100 sling bullets
 p - 68 poisoned darts
 G - 10 boomerangs
Armour
 b - a +0 animal skin
 d - a +0 pair of gloves (worn)
 e - a +0 cloak (worn)
 g - a +0 scale mail (worn)
Jewellery
 y - a ring of protection from cold (right hand)
 A - a ring of protection from magic (left hand)
 E - an uncursed ring of protection from magic
 F - a +4 ring of evasion
Wands
 i - a wand of acid (12)
 q - a wand of paralysis (14)
 w - a wand of iceblast (8)
 x - a wand of flame (35)
 H - a wand of digging (7)
Scrolls
 j - 5 scrolls of remove curse
 k - a scroll of fog
 m - 5 scrolls of teleportation
 r - 2 scrolls of blinking
 C - 3 scrolls of enchant weapon
 D - 5 scrolls of identify
 I - 4 scrolls of magic mapping
 J - a scroll of brand weapon
 L - a scroll of summoning
Potions
 o - 6 potions of curing
 s - 2 potions of invisibility
 t - 3 potions of stabbing
 u - 2 potions of lignification
 v - 2 potions of berserk rage
 z - 3 potions of ambrosia
 M - a potion of heal wounds
Comestibles
 c - 22 rations
 N - 2 chunks of flesh


   Skills:
 + Level 11.3 Fighting
 + Level 14.4 Axes
 - Level 5.9 Throwing
 + Level 11.3 Armour
 - Level 4.0 Dodging


You had 10 spell levels left.
You didn't know any spells.
Your spell library was empty.

Dungeon Overview and Level Annotations

Branches:
Dungeon (10/15)            Temple (0/1) D:6            Lair (2/6) D:9
 Spider (0/4) Lair:2          Orc (0/2) D:10
  Swamp: Lair:2-4    Shoals: Lair:2-4

Altars:
Cheibriados
Fedhas
Kikubaaqudgha
Okawaru
Qazlal
Uskayaw
Wu Jian
Xom


Innate Abilities, Weirdness & Mutations

You reflexively headbutt those who attack you in melee.
You have a pair of horns on your head.


Message History

The swamp worm is moderately wounded.
You slash the tyrant leech! You burn the tyrant leech.
The swamp worm bites you but does no damage.
The tyrant leech bites you!
The tyrant leech draws strength from your injuries!
The swamp worm bites you!
* * * LOW HITPOINT WARNING * * *
You slice the swamp worm!! You burn the swamp worm!
You kill the swamp worm!
Trog accepts your kill.
You closely miss the tyrant leech. The tyrant leech bites you.
* * * LOW HITPOINT WARNING * * *
The tyrant leech draws strength from your injuries!
You hit the tyrant leech but do no damage.
You headbutt the tyrant leech.
The tyrant leech is moderately wounded.
You miss the tyrant leech.
The tyrant leech is moderately wounded.
The tyrant leech bites you!!
You die...

..........................#
....#.#....###.P..........#
...#...#..#...#.....##....#
.........#........####....#
#..#............÷.###.....#
P÷.......#......##.#....###
.....÷..........#####..#.#
................#####....#
..##.#...#....#.@#.....###
.....###.....P..†w.....###
#........................#
#....#.##...##..#........#
.....####.....###........#
..##.# ##........#.###.##
..# ## #..........# ###
..#### #..<.......# .....##
#..........##


You could see a tyrant leech.

Vanquished Creatures
  A hydra (Lair:2)
  A two-headed ogre (D:8)
  Joseph (Lair:1)
  4 spiny frogs
  Prince Ribbit (D:9)
  3 hippogriffs
  7 blink frogs
  A redback (Lair:2)
  A wyvern (D:10)
  4 hogs (D:9)
  14 yaks
  A human (D:9)
  A steam dragon (D:2)
  A swamp worm (Lair:2)
  4 water moccasins
  2 orc warriors (D:10)
  3 porcupines (D:9)
  2 sky beasts
  A black bear (D:9)
  An eye of draining (D:10)
  A necrophage (D:3)
  A phantom (D:9)
  10 ogres
  3 centaurs
  5 crocodiles
  2 big kobolds
  8 bullfrogs
  2 scorpions
  15 killer bees
  4 wights
  2 howler monkeys (D:8)
  3 crimson imps
  5 hounds
  An orc priest (D:9)
  2 centaur skeletons
  2 gnoll shamans (D:10)
  6 orc wizards
  3 iguanas
  A killer bee zombie (D:8)
  A hound skeleton (D:4)
  A worker ant zombie (D:10)
  23 gnolls
  11 adders
  3 shadow imps
  An ooze (D:5)
  4 worms
  2 dart slugs
  5 leopard geckos
  27 orcs
  6 bats
  3 giant cockroaches
  4 hobgoblins
  7 jackals
  16 kobolds
  5 quokkas
  4 frilled lizards
  3 goblins
  A jackal skeleton (D:4)
  A leopard gecko skeleton (D:5)
  2 quokka skeletons
  7 rats
  A butterfly (D:6)
268 creatures vanquished.

Vanquished Creatures (others)
  10 fungi
  A plant (D:10)
11 creatures vanquished.

Grand Total: 279 creatures vanquished

Notes
Turn   | Place    | Note
-------+----------+-------------------------------------------
     0 | D:1      | AarnesTheHuman the Minotaur Berserker began the quest for
                  | the Orb.
     0 | D:1      | Reached XP level 1. HP: 19/19 MP: 0/0
   244 | D:1      | Reached skill level 4 in Axes
   333 | D:1      | Reached XP level 2. HP: 26/26 MP: 1/1
   822 | D:2      | Found a shimmering altar of Xom.
   822 | D:2      | Found a snail-covered altar of Cheibriados.
   824 | D:2      | Found an iron altar of Okawaru.
  1029 | D:2      | Reached skill level 5 in Axes
  1109 | D:2      | Noticed a steam dragon
  1131 | D:2      | Killed a steam dragon
  1131 | D:2      | Reached skill level 7 in Axes
  1131 | D:2      | Reached XP level 3. HP: 23/31 MP: 2/2
  1131 | D:2      | Reached XP level 4. HP: 30/39 MP: 3/3
  1131 | D:2      | Reached XP level 5. HP: 34/45 MP: 4/4
  1297 | D:2      | Reached ** piety under Trog
  1393 | D:2      | Found a shimmering altar of Xom.
  1728 | D:3      | Noticed a necrophage
  1748 | D:3      | Killed a necrophage
  1748 | D:3      | Reached skill level 8 in Axes
  1748 | D:3      | Reached XP level 6. HP: 42/49 MP: 5/5
  2745 | D:4      | Reached *** piety under Trog
  2751 | D:4      | Reached skill level 9 in Axes
  2909 | D:4      | Reached XP level 7. HP: 44/57 MP: 6/6
  3165 | D:4      | Paralysed by a gnoll for 7 turns
  3859 | D:5      | Entered Level 5 of the Dungeon
  3948 | D:5      | Found an ornate altar of the Wu Jian Council.
  3970 | D:5      | Reached skill level 5 in Fighting
  4544 | D:5      | Reached skill level 5 in Armour
  4544 | D:5      | Reached XP level 8. HP: 63/68 MP: 7/7
  5072 | D:6      | Found a staircase to the Ecumenical Temple.
  5579 | D:7      | Found a hide-covered altar of Uskayaw.
  5649 | D:7      | Found an ancient bone altar of Kikubaaqudgha.
  6042 | D:8      | Found a stormy altar of Qazlal.
  6151 | D:8      | Noticed a two-headed ogre
  6160 | D:8      | Killed a two-headed ogre
  6160 | D:8      | Reached skill level 1 in Throwing
  6160 | D:8      | Reached XP level 9. HP: 79/79 MP: 8/8
  6332 | D:8      | Reached **** piety under Trog
  7625 | D:9      | Found a staircase to the Lair.
  7882 | D:9      | Reached skill level 10 in Axes
  8306 | D:8      | Reached XP level 10. HP: 59/89 MP: 9/9
  8692 | D:9      | Noticed Prince Ribbit
  8707 | D:9      | Killed Prince Ribbit
  8743 | D:9      | Reached ***** piety under Trog
  8833 | D:9      | Found an iron altar of Okawaru.
  8877 | D:9      | Reached skill level 10 in Fighting
  9039 | D:9      | Reached skill level 10 in Armour
  9242 | D:9      | Reached skill level 5 in Throwing
  9389 | D:9      | Found a blossoming altar of Fedhas.
  9911 | D:10     | Entered Level 10 of the Dungeon
  9937 | D:10     | Reached skill level 11 in Axes
 10466 | D:10     | Received a gift from Trog
 10954 | D:10     | Reached skill level 12 in Axes
 10954 | D:10     | Reached XP level 11. HP: 69/99 MP: 10/10
 11191 | D:10     | Found a staircase to the Orcish Mines.
 12064 | Lair:1   | Entered Level 1 of the Lair of Beasts
 12317 | Lair:1   | Reached skill level 13 in Axes
 12946 | Lair:1   | Noticed Joseph
 12961 | Lair:1   | Killed Joseph
 13450 | Lair:1   | Reached skill level 14 in Axes
 13796 | Lair:2   | Found a hole to the Spider Nest.
 13858 | Lair:2   | Noticed a six-headed hydra
 14028 | Lair:2   | Killed a one-headed hydra
 14471 | Lair:2   | Mangled by a tyrant leech

Illustrated notes

Levels and vault maps discovered:
D:1:      minmay_arrival_loop, layout_basic
D:2:      layout_basic, nicolae_overflow_hidden_temple,
          brannock_xom_greatest_gift
D:3:      layout_basic
D:4:      layout_basic
D:5:      layout_basic, old_standard_altar, first_ration
D:6:      layout_rooms, minmay_temple_entry_butterflies
D:7:      layout_basic, kiku_gazebo_garden_becter,
          eat_drink_and_be_merry_uskayaw
D:8:      layout_gridville, lemuel_crystal_altar
D:9:      layout_roguey, fedhas_altar_4, minmay_lair_entry_grove,
          grunt_livestock, okawaru_trees_2, uniq_prince_ribbit1
D:10:     kennysheep_seaside_town, layout_layer_cave, orc_0_dummy
Lair:1:   layout_hall_layers, uniq_joseph
Lair:2:   layout_misc_corridors, minmay_swamp_entry_worms,
          spider_nest_entry_webs

Skill      XL: |  1  2  3  4  5  6  7  8  9 10 11 |
---------------+----------------------------------+-----
Axes           | 4 7 8 9 10 12 14 | 14.4
Fighting       | 4 5 8 9 10 11 | 11.3
Armour         | 3 5 8 9 10 11 | 11.3
Dodging        | 4 |  4.0
Throwing       | 1 4 5 |  5.9

Action                   |  1- 3 |  4- 6 |  7- 9 | 10-12 || total
-------------------------+-------+-------+-------+-------++-------
Melee: Hand axe          |    45 |   140 |   307 |   207 ||   699
       Headbutt          |     7 |    23 |    63 |    61 ||   154
       Battleaxe         |       |       |       |   118 ||   118
Invok: Berserk           |     1 |       |     1 |     1 ||     3
  Use: Scroll            |       |    10 |     6 |     5 ||    21
  Eat: Ration            |       |     1 |       |     2 ||     3
       Chunk             |       |     4 |    18 |    13 ||    35
Armor: Scale mail        |    28 |    45 |   116 |   132 ||   321
Dodge: Dodged            |    24 |    68 |   149 |   203 ||   444
